 Dungeon Crawl Stone Soup version 0.29.1-14-g9c671dbff4 (webtiles) character file.

Game seed: 12829164569171800462

4552 H0rd4k the Grappler (level 10, -5/69 HPs)
             Began as an Octopode Artificer on Feb 15, 2023.
             Was an Initiate of Gozag.
             Slain by a wyvern (17 damage)
             ... on level 8 of the Dungeon.
             The game lasted 00:14:10 (6782 turns).

H0rd4k the Grappler (Octopode Artificer)            Turns: 6782, Time: 00:14:11

Health: -5/69      AC:  1    Str: 13    XL:     10   Next: 40%
Magic:  19/19      EV: 13    Int: 23    God:    Gozag
Gold:   1820       SH:  0    Dex: 12    Spells: 21/21 levels left

rFire   . . .      SeeInvis +   I - +5 trident of Mourning {drain, Will+ rCorr}
rCold   + . .      Faith    .   (no shield)
rNeg    + . .      Spirit   .   (helmet restricted)
rPois   .          Reflect  .   r - amulet of regeneration
rElec   .          Harm     .   p - +6 ring of intelligence
rCorr   +          Rampage  .   x - ring of see invisible
Will    +....                   d - ring of positive energy
Stlth   +++.......              D - ring of protection from cold
HPRegen 1.01/turn               c - ring of flight
MPRegen 0.16/turn               (no ring)
                                (no ring)
                                (no ring)

@: flying
A: almost no armour, amphibious, 8 rings, camouflage 1, gelatinous body 1,
(nimble swimmer 1), tentacles
a: Renounce Religion, Potion Petition, Call Merchant, Bribe Branch


You were on level 8 of the Dungeon.
You worshipped Gozag.
Gozag was most pleased with you.
You visited 2 branches of the dungeon, and saw 9 of its levels.
You also visited: Sewer, Ossuary and Bailey.

You collected 2201 gold pieces.
You spent 280 gold pieces at shops.
You paid 101 gold pieces to Gozag.

Inventory:

Hand Weapons
 I - the +5 trident of Mourning (weapon) {drain, Will+ rCorr}
   (You bought it in a shop on level 7 of the Dungeon)

   A truly terrible weapon, it drains the life of any living foe it strikes.
   rCorr:     It protects you from acid and corrosion.
   Will:      It increases your willpower.
Missiles
 G - 3 datura-tipped darts (quivered)
 H - 4 atropa-tipped darts
Jewellery
 c - a ring of flight (on tentacle)
 d - a ring of positive energy (on tentacle)
 p - a +6 ring of intelligence (left tentacle)
 r - an amulet of regeneration (around mantle)
 x - a ring of see invisible (right tentacle)
 D - a ring of protection from cold (on tentacle)
Wands
 b - a wand of iceblast (7)
 C - a wand of polymorph (6)
Scrolls
 a - 5 scrolls of butterflies
 f - a scroll of blinking {unknown}
 g - 3 scrolls of amnesia {unknown}
 i - 7 scrolls of identify
 k - 5 scrolls of enchant weapon
 o - a scroll of teleportation
 q - 4 scrolls of poison {unknown}
 s - a scroll of fear
 y - 2 scrolls of brand weapon {unknown}
 z - 2 scrolls of enchant armour {unknown}
 A - a scroll of summoning {unknown}
 F - a scroll of silence {unknown}
Potions
 e - 3 potions of attraction
 h - 3 potions of curing
 j - a potion of haste {unknown}
 l - 2 potions of might
 m - a potion of brilliance {unknown}
 n - 3 potions of ambrosia {unknown}
 t - a potion of magic {unknown}
 u - 4 potions of heal wounds {unknown}
 v - 2 potions of flight {unknown}
 w - 3 potions of degeneration {unknown}
 B - 2 potions of mutation {unknown}
 J - a potion of lignification {unknown}
Miscellaneous
 E - a piece from Xom's chessboard (15/15)


   Skills:
 - Level 6.9 Fighting
 + Level 3.6 Polearms
 + Level 0.2 Throwing
 - Level 2.3 Dodging
 - Level 1.3 Stealth
 - Level 10.4 Unarmed Combat
 * Level 6.3 Spellcasting
 - Level 3.2 Evocations


You had 21 spell levels left.
You didn't know any spells.
Your spell library contained the following spells:

 Spells                   Type           Power      Damage    Failure   Level
 Beastly Appendage        Tmut           14%        N/A       9%          1
 Freeze                   Ice            28%        1d5       9%          1
 Wereblood                Tmut           7%         N/A       12%         2
 Spider Form              Tmut/Pois      7%         N/A       24%         3


Dungeon Overview and Level Annotations

Branches:
Dungeon (8/15)             Temple (1/1) D:5           Sewer (visited)
Ossuary (visited)          Bailey (visited)
   Lair: D:8-11

Altars:
Ashenzari
Cheibriados
Dithmenos
Elyvilon
Fedhas
Gozag
Hepliaklqana
Kikubaaqudgha
Makhleb
Nemelex Xobeh
Okawaru
Qazlal
Ru
Sif Muna
Trog
Vehumet
Wu Jian
Xom
Yredelemnul
Zin
The Shining One

Shops:
D:7 (

Annotations:
D:4 1 runed translucent door, exclusion: door, Quickbrownfox's ghost, amateur OpTm


Innate Abilities, Weirdness & Mutations

You cannot wear most types of armour.
You are amphibious.
You can wear up to eight rings at the same time.
Your skin changes colour to match your surroundings (Stealth+).
Your rubbery body absorbs attacks. (AC +1, EV +1)
((You are camouflaged when in or above water. (Stealth+)))
You have tentacles for arms and can constrict up to eight enemies at once.


Message History

You feel very sick. The killer bee completely misses you.
The centaur completely misses you.
The centaur kicks you but does no damage.
The white imp gestures at you. The puff of frost hits you. You resist.
* * * LOW HITPOINT WARNING * * *
An orc priest comes into view. It is wielding a +0 mace.
The killer bee stings you!
* * * LOW HITPOINT WARNING * * *
The centaur barely misses you. The centaur kicks you.
* * * LOW HITPOINT WARNING * * *
A wyvern comes into view.
You feel better. The killer bee barely misses you. The centaur hits you.
* * * LOW HITPOINT WARNING * * *
The centaur kicks you.
* * * LOW HITPOINT WARNING * * *
The white imp hits you.
* * * LOW HITPOINT WARNING * * *
The white imp freezes you. You resist.
* * * LOW HITPOINT WARNING * * *
A wight comes into view.
It is wielding a +4 short sword of freezing.
The killer bee closely misses you.
As you read the scroll of fear, it crumbles to dust.
You assume a fearsome visage.
The killer bee looks frightened!
The bullfrog looks frightened!
The white imp looks frightened!
The wight is unaffected.
The orc wizard looks frightened!
The centaur looks frightened!
The wyvern looks frightened!
The orc priest looks frightened!
An orc wizard comes into view. It is wielding a +0 dagger.
The orc wizard gestures wildly while chanting.
The orc wizard flickers and vanishes for a moment.
Cornered, the wyvern turns to fight!
Cornered, the bullfrog turns to fight!
Cornered, the killer bee turns to fight!
The wyvern hisses menacingly.
Okay, then.
There is a stone staircase leading up here.
The wyvern bites you!
You die...
Your body crumbles into a pile of gold.

......###.###..# #........##.##
......###_.)'..#####....)...##.##
#####.###.###..........)....#..##
.# #.# #.# #......#........#.###
.####.###+###.#.#####............
.##...........#..###.............
.................................
....######.........##............
[..### #......@..####..........
#....# ##....ylF## #..####.....
.#.#.# #.......###..## ##....
...#.. ##......#...# .... .......
.....#......#
.........###....z.##### ......
##..o......# ...... #....$...)#
...... =.......(...#


You could see a wyvern, a bullfrog, a killer bee, a wight and an orc wizard.

Vanquished Creatures
  Grinder (D:5)
  2 hornets (D:8)
  Sigmund (D:2)
  A steam dragon (D:8)
  Edmund (D:6)
  4 orc warriors
  A sky beast (D:7)
  A black bear (D:5)
  3 ogres
  2 centaurs
  6 kobold brigands
  5 bullfrogs
  A necrophage (D:4)
  A water moccasin zombie (Ossuary)
  2 scorpions (D:4)
  4 wights (D:8)
  2 howler monkeys (D:7)
  4 hounds
  2 jellies
  3 orc priests
  2 iguanas (D:5)
  7 orc wizards
  2 mummies (Ossuary)
  3 gnolls (D:5)
  8 adders
  2 ufetubi
  2 adder zombies (Ossuary)
  A worm (D:6)
  20 orcs
  10 ball pythons
  4 endoplasms
  8 giant cockroaches
  9 goblins
  4 hobgoblins
  5 jackals
  6 quokkas
  8 bats
  10 frilled lizards
  4 gnoll zombies (Ossuary)
  9 hobgoblin zombies (Ossuary)
  33 kobolds
  6 kobold zombies (Ossuary)
  5 orc zombies (Ossuary)
  4 rats
219 creatures vanquished.

Vanquished Creatures (collateral kills)
  Prince Ribbit (D:6)
  An ice beast (D:6)
  2 orc warriors (Bailey)
  A centaur (D:6)
  A howler monkey (D:7)
  An orc priest (D:3)
  A dart slug (D:3)
  2 goblins
  A quokka (D:6)
  A kobold (D:2)
12 creatures vanquished.

Vanquished Creatures (others)
  2 orc wizards (D:7)
  A gnoll (D:5)
  2 fungi (D:2)
  2 plants (D:2)
7 creatures vanquished.

Grand Total: 238 creatures vanquished

Notes
Turn   | Place    | Note
-------+----------+-------------------------------------------
     0 | D:1      | H0rd4k the Octopode Artificer began the quest for the Orb.
     0 | D:1      | Reached XP level 1. HP: 13/13 MP: 1/1
   199 | D:1      | Reached XP level 2. HP: 16/18 MP: 1/3
   276 | D:1      | Reached skill level 1 in Spellcasting
  1012 | D:2      | Found a faded altar of an unknown god.
  1012 | D:2      | Noticed Sigmund
  1032 | D:2      | Reached XP level 3. HP: 19/24 MP: 3/5
  1034 | D:2      | Got Plato's Discourse on Hypothermia
  1060 | D:2      | Killed Sigmund
  1061 | D:2      | Reached skill level 2 in Unarmed Combat
  1061 | D:2      | Reached XP level 4. HP: 28/31 MP: 5/8
  1061 | D:2      | Reached XP level 5. HP: 32/36 MP: 5/9
  2085 | D:3      | Reached XP level 6. HP: 42/42 MP: 10/10
  2320 | D:3      | Reached skill level 3 in Unarmed Combat
  2605 | D:4      | Found a snail-covered altar of Cheibriados.
  2690 | D:4      | Found a sand-covered staircase.
  2695 | Ossuary  | Entered an ossuary
  2960 | D:4      | Reached XP level 7. HP: 40/48 MP: 12/12
  3045 | D:4      | Reached skill level 4 in Unarmed Combat
  3079 | D:4      | Found a basalt altar of Yredelemnul.
  3113 | D:4      | Found a runed translucent door.
  3114 | D:4      | Noticed Quickbrownfox's ghost (amateur OpTm)
  3446 | D:4      | Reached skill level 5 in Unarmed Combat
  3476 | D:4      | Found a sacrificial altar of Ru.
  3650 | D:5      | Entered Level 5 of the Dungeon
  3740 | D:5      | Reached XP level 8. HP: 46/54 MP: 13/13
  3806 | D:5      | Reached skill level 5 in Fighting
  3837 | D:5      | Found a staircase to the Ecumenical Temple.
  3886 | Temple   | Entered the Ecumenical Temple
  4027 | Temple   | Became a worshipper of Gozag Ym Sagoz the Greedy
  4058 | D:5      | Reached skill level 6 in Unarmed Combat
  4066 | D:5      | Noticed Grinder
  4209 | D:5      | Killed Grinder
  4518 | D:6      | Noticed Edmund
  4547 | D:6      | Reached skill level 7 in Unarmed Combat
  4583 | D:6      | Noticed Prince Ribbit
  4708 | D:6      | Found a glowing drain.
  4719 | D:6      | Reached XP level 9. HP: 62/62 MP: 16/16
  4756 | Sewer    | Entered a sewer
  4960 | Sewer    | Reached skill level 8 in Unarmed Combat
  5120 | D:6      | Found an ornate altar of the Wu Jian Council.
  5150 | D:6      | Reached skill level 5 in Spellcasting
  5457 | D:6      | Killed Prince Ribbit
  5481 | D:6      | Killed Edmund
  5686 | D:7      | Reached skill level 9 in Unarmed Combat
  5781 | D:7      | Found Disch's Antique Weapon Shop.
  5924 | D:7      | Found a flagged portal.
  5932 | Bailey   | Entered a bailey
  5974 | Bailey   | Identified the +8 chain mail "Hocot" {Harm *Slow Stlth+}
  6009 | Bailey   | Reached skill level 10 in Unarmed Combat
  6050 | Bailey   | Reached XP level 10. HP: 45/69 MP: 18/18
  6146 | Bailey   | Found a burning altar of Makhleb.
  6206 | D:7      | Bought a twisted trident for 280 gold pieces
  6206 | D:7      | Identified the +5 trident of Mourning {drain, Will+ rCorr}
                  | (You bought it in a shop on level 7 of the Dungeon)
  6447 | D:8      | Reached skill level 1 in Polearms
  6487 | D:8      | Identified the +0 robe of Theory {Harm rC- Int-4 Stlth+}
  6509 | D:8      | Found a sparkling altar of Nemelex Xobeh.
  6772 | D:8      | HP: 3/69 [centaur (2)]
  6782 | D:8      | Slain by a wyvern

Illustrated notes

Levels and vault maps discovered:
D:1:      evilmike_arrival_hilbert_curve, layout_basic
D:2:      layout_loops_ring, shapermc_ecumenical_altar_rom_forum,
          kennysheep_path_1, uniq_sigmund
D:3:      layout_rooms
D:4:      layout_loops_cross, lemuel_tele_altar, cheibriados_altar_1,
          nicolae_ru_path_of_blood, enter_ossuary_2, gammafunk_ghost_grave,
          kennysheep_generic_room_7
D:5:      layout_cave_pools, minmay_temple_entry_slanted, uniq_grinder
D:6:      layout_basic, nicolae_overflow_hidden_temple, gup_sewer_entry_bowl,
          uniq_prince_ribbit1, uniq_edmund
D:7:      layout_rooms, enter_bailey_3, serial_shops, nicolae_shop_statue_plus
D:8:      layout_rooms, lemuel_doored_altar, minmay_alternating_orb
Temple:   regret_index_temple_sphere_string

Skill      XL: |  1  2  3  4  5  6  7  8  9 10 |
---------------+-------------------------------+-----
Spellcasting   | 1 2 3 4 5 6 |  6.3
Fighting       | 3 4 5 6 |  6.9
Unarmed Combat | 2 3 5 7 10 | 10.4
Polearms       | 3 |  3.6
Throwing       | |  0.2
Dodging        | |  2.3
Stealth        | |  1.3
Evocations     | |  3.2

Action                   |  1- 3 |  4- 6 |  7- 9 | 10-12 || total
-------------------------+-------+-------+-------+-------++-------
Melee: Unarmed           |    48 |   185 |   243 |     6 ||   482
       Tentacles         |    14 |    47 |    58 |    21 ||   140
       Constrict         |    18 |    55 |    56 |    17 ||   146
       Punch             |     1 |     3 |    14 |     6 ||    24
       Trident           |       |       |       |    68 ||    68
Throw: Dart              |       |       |       |     2 ||     2
Evoke: Wand              |     4 |    12 |    26 |     6 ||    48
  Use: Scroll            |       |       |     5 |     3 ||     8
       Potion            |       |       |     3 |     1 ||     4
 Stab: Sleeping          |     4 |    13 |     8 |       ||    25
Armor: Skin              |     3 |    30 |    16 |     4 ||    53
Dodge: Dodged            |    35 |   129 |   168 |    45 ||   377
